 Dungeon Crawl Stone Soup version 0.23.2 (webtiles) character file.

Game seed: 13869294773413285651

3581 teukkam the Fighter (level 9, -2/82 HPs)
             Began as a Minotaur Fighter on Apr 3, 2019.
             Was a Priest of Zin.
             Killed from afar by Harold (12 damage)
             ... with a harpoon shot
             ... on level 8 of the Dungeon on Apr 4, 2019.
             The game lasted 00:33:41 (7819 turns).

teukkam the Fighter (Minotaur Fighter)              Turns: 7819, Time: 00:33:41

Health: -2/82      AC: 11    Str: 25    XL:     9   Next: 84%
Magic:  11/11      EV:  7    Int:  5    God:    Zin [***...]
Gold:   348        SH: 18    Dex:  9    Spells: 8/8 levels left

rFire    + . .     SeeInvis .   m - +1 dagger (venom)
rCold    x . .     Gourm    .   z - +1 large shield
rNeg     . . .     Faith    +   b - +0 scale mail
rPois    .         Spirit   .   (helmet restricted)
rElec    .         Reflect  .   (no cloak)
rCorr    .         Harm     .   i - +0 pair of gloves (curse)
MR       .....                  L - +0 pair of boots
Stlth    ..........             D - amulet of faith
HPRegen  0.23/turn              G - ring of wizardry
MPRegen  0.12/turn              O - ring of fire (curse)

@: marked, very slightly contaminated, invisible
A: retaliatory headbutt, horns 2
a: Recite, Vitalisation, Imprison, Donate Gold, Renounce Religion


You were on level 8 of the Dungeon.
You worshipped Zin.
Zin was most pleased with you.
You were not hungry.

You visited 2 branches of the dungeon, and saw 9 of its levels.

You collected 386 gold pieces.
You donated 38 gold pieces to Zin.

Inventory:

Hand Weapons
 a - a +3 war axe
 h - a +2 long sword of freezing
 m - a +1 dagger of venom (weapon)
 p - a +4 battleaxe
 r - a +0 dire flail of venom
 t - a +2 trident of protection
 I - a +4 short sword of electrocution
Missiles
 e - 8 curare-tipped needles
 g - 84 sling bullets
 B - 3 needles of sleeping
 C - 3 tomahawks
 E - 287 stones (quivered)
Armour
 b - a +0 scale mail (worn)
 i - a cursed +0 pair of gloves (worn)
 z - a +1 large shield (worn)
 L - a +0 pair of boots (worn)
Jewellery
 u - an uncursed ring of ice
 D - an amulet of faith (around neck)
 G - a ring of wizardry (left hand)
 O - a cursed ring of fire (right hand)
Wands
 d - a wand of random effects (31)
 n - a wand of clouds (4)
 y - a wand of paralysis (2)
 M - a wand of flame (13)
Scrolls
 k - 4 scrolls of amnesia
 o - 8 scrolls of identify
 s - 3 scrolls of remove curse
 J - a scroll of enchant weapon
Potions
 j - 2 potions of magic
 l - 3 potions of haste {unknown}
 q - 2 potions of curing
 v - 2 potions of lignification {unknown}
 w - 2 potions of resistance {unknown}
 x - 2 potions of mutation {unknown}
 A - a potion of flight
 F - 2 potions of invisibility
 H - a potion of agility
 K - a potion of cancellation {unknown}
Comestibles
 f - 11 rations


   Skills:
 + Level 8.6 Fighting
 - Level 3.1(4.5) Short Blades
 + Level 5.5(6.0) Long Blades
 - Level 5.6 Axes
 + Level 8.3 Armour
 - Level 1.5 Dodging
 - Level 1.0 Stealth
 + Level 8.6 Shields
 + Level 4.3 Invocations


You had 8 spell levels left.
You didn't know any spells.
Your spell library contained the following spells:

 Spells                   Type           Power        Failure   Level  Hunger
 Sandblast                Erth           #.....       97%         1    ##.....
 Passwall                 Tmut/Erth      #.......     99%         2    ###....
 Stone Arrow              Conj/Erth      #.....       100%        3    ####...
 Petrify                  Tmut/Erth      #.......     100%        4    #####..
 Lee's Rapid Deconstruct  Erth           #.........   100%        5    ######.


Dungeon Overview and Level Annotations

Branches:
Dungeon (8/15)             Temple (1/1) D:5
   Lair: D:8-11

Altars:
Cheibriados
Dithmenos
Elyvilon
Fedhas
Makhleb
Nemelex Xobeh
Okawaru
Qazlal
Ru
Sif Muna
Uskayaw
Vehumet
Wu Jian
Yredelemnul
Zin
The Shining One

Shops:
D:8 %[

Annotations:
D:8 Harold


Innate Abilities, Weirdness & Mutations

You reflexively headbutt those who attack you in melee.
You have a pair of horns on your head.


Message History

Your shield and scale mail prevent you from hitting Harold.
Your headbutt misses Harold.
Harold is severely wounded.
You hit Harold but do no damage.
Harold looks as sick as possible!
You headbutt Harold!
Harold is severely wounded.
Harold gestures at you while chanting. The mark upon you grows brighter.
You hit Harold but do no damage.
Harold looks as sick as possible!
You headbutt Harold, but do no damage.
Harold is severely wounded.
You block Harold's attack.
You hit Harold but do no damage.
Harold looks as sick as possible!
You headbutt Harold!
Harold is almost dead.
Harold hits you with a +2 battleaxe of electrocution!
* * * LOW HITPOINT WARNING * * *
Harold points at you and mumbles some strange words.
The harpoon shot hits you!
You die...

#......# #..
######......#####..
#.).....)..........
#.........(........
#............(.....
#.(.....∩..........
#########..................
........(..........#+######
.......@..@........#
...................#
...................#
...................#+##
##+####+######........#
#........# #........#
#........# #........#


You could see Harold.

Vanquished Creatures
  A two-headed ogre (D:8)
  Pikel (D:5)
  Edmund (D:5)
  2 ice beasts
  4 slaves
  6 ogres
  A centaur (D:8)
  Blork the orc (D:6)
  2 bullfrogs
  2 scorpions
  8 wights
  4 electric eels (D:6)
  A bullfrog zombie (D:5)
  2 crimson imps
  4 hounds
  A bullfrog skeleton (D:5)
  4 orc priests
  A centaur skeleton (D:7)
  4 orc wizards
  2 iguanas
  2 worker ants
  A killer bee zombie (D:5)
  A hound zombie (D:7)
  A hound skeleton (D:4)
  2 worker ant zombies
  Robin (D:2)
  9 adders
  A shadow imp (D:8)
  4 worms
  A dart slug (D:1)
  3 leopard geckos
  20 orcs
  2 ball pythons
  5 giant cockroaches
  11 hobgoblins
  13 jackals
  4 quokkas
  9 bats
  4 frilled lizards
  10 goblins
  6 kobolds
  A leopard gecko skeleton (D:5)
  A leopard gecko zombie (D:7)
  A quokka skeleton (D:5)
  8 rats
173 creatures vanquished.

Vanquished Creatures (others)
  A plant (D:6)
1 creature vanquished.

Grand Total: 174 creatures vanquished

Notes
Turn   | Place    | Note
-------+----------+-------------------------------------------
     0 | D:1      | teukkam the Minotaur Fighter began the quest for the Orb.
     0 | D:1      | Reached XP level 1. HP: 19/19 MP: 0/0
   154 | D:2      | Reached XP level 2. HP: 27/27 MP: 1/1
   208 | D:3      | Reached XP level 3. HP: 21/33 MP: 2/2
   613 | D:3      | Reached XP level 4. HP: 18/41 MP: 3/3
   616 | D:3      | Reached XP level 5. HP: 18/47 MP: 4/4
  1024 | D:3      | Reached skill level 5 in Fighting
  1063 | D:3      | Reached skill level 1 in Dodging
  1063 | D:3      | Reached XP level 6. HP: 46/56 MP: 5/5
  1125 | D:3      | Reached skill level 1 in Stealth
  1174 | D:4      | Reached skill level 5 in Axes
  1174 | D:4      | Reached skill level 5 in Shields
  1255 | D:4      | Found a glowing golden altar of the Shining One.
  1526 | D:4      | Reached skill level 1 in Short Blades
  1526 | D:4      | Reached XP level 7. HP: 37/61 MP: 6/6
  1539 | D:4      | Reached skill level 5 in Armour
  1760 | D:5      | Entered Level 5 of the Dungeon
  2132 | D:6      | Reached XP level 8. HP: 57/71 MP: 7/7
  2183 | D:5      | Noticed Edmund
  2194 | D:5      | Killed Edmund
  2194 | D:5      | Reached skill level 1 in Long Blades
  2244 | D:5      | Found a staircase to the Ecumenical Temple.
  2259 | Temple   | Entered the Ecumenical Temple
  2268 | Temple   | Became a worshipper of Zin the Law-Giver
  2268 | Temple   | Reached * piety under Zin
  2300 | D:5      | Noticed Pikel
  2990 | D:2      | Reached skill level 1 in Invocations
  3461 | D:2      | Found a radiant altar of Vehumet.
  3462 | D:2      | Found a sparkling altar of Nemelex Xobeh.
  3580 | D:2      | Reached ** piety under Zin
  3962 | D:2      | Noticed Robin
  3969 | D:2      | Killed Robin
  5431 | D:5      | Found a basalt altar of Yredelemnul.
  5481 | D:5      | Killed Pikel
  5481 | D:5      | Reached XP level 9. HP: 66/79 MP: 8/10
  5507 | D:5      | Found a white marble altar of Elyvilon.
  5932 | D:6      | Found a shadowy altar of Dithmenos.
  5991 | D:6      | Noticed Blork the orc
  6004 | D:6      | Killed Blork the orc
  6458 | D:7      | Reached *** piety under Zin
  7225 | D:7      | Found an iron altar of Okawaru.
  7596 | D:8      | Noticed a two-headed ogre
  7600 | D:8      | Killed a two-headed ogre
  7600 | D:8      | Reached skill level 5 in Long Blades
  7730 | D:8      | Found Nen Jem's Armour Shoppe.
  7742 | D:8      | Found Lusuc's Food Shop.
  7795 | D:8      | Noticed Harold
  7819 | D:8      | Killed from afar by Harold

Skill      XL: |  1  2  3  4  5  6  7  8  9 |
---------------+----------------------------+-----
Shields        | 4 5 6 7 8 |  8.6
Axes           | 3 4 5 |  5.6
Fighting       | 4 5 6 7 8 |  8.6
Armour         | 4 5 7 8 |  8.3
Dodging        | 1 |  1.5
Stealth        | 1 |  1.0
Short Blades   | 1 3 |  3.1
Long Blades    | 3 5 |  5.5
Invocations    | 2 4 |  4.3

Action                   |  1- 3 |  4- 6 |  7- 9 || total
-------------------------+-------+-------+-------++-------
Melee: War axe           |    54 |    47 |   326 ||   427
       Headbutt          |     7 |    11 |    82 ||   100
       Long sword        |       |       |     6 ||     6
       Dagger            |       |       |    13 ||    13
Invok: Recite            |       |       |     2 ||     2
Evoke: Wand              |       |       |    14 ||    14
  Use: Potion            |     2 |     2 |     4 ||     8
       Scroll            |       |     3 |     9 ||    12
 Stab: Confused          |       |       |     1 ||     1
  Eat: Ration            |       |     1 |     4 ||     5
       Chunk             |       |       |     8 ||     8
Armor: Scale mail        |    17 |    12 |    94 ||   123
Dodge: Dodged            |    12 |    13 |    87 ||   112
Block: Shield            |    41 |    18 |    48 ||   107
       Large shield      |       |       |   235 ||   235
       Rpst.: Long sword |       |       |     2 ||     2
